Rangers vs Red Wings
Created - 28 janvier 2014 at 20:51
Goals
|
| Rangers |
3 |
0 |
2 |
5 |
| Red Wings |
1 |
1 |
2 |
4 |
|
Shots
|
| Rangers |
15 |
10 |
16 |
41 |
| Red Wings |
8 |
8 |
13 |
29 |
|
1st period
1. Rangers , Patrice Bergeron 18 (Milan Lucic, Mark Fistric) at 1:31
2. Rangers , Johan Franzen 11 (Milan Lucic, Patrice Bergeron) at 6:04
3. Red Wings , Martin Havlat 28 (Rick Nash, Jason Spezza) at 8:51 (PP)
4. Rangers , Patrice Bergeron 19 (Milan Lucic, Johan Franzen) at 17:10 (PP)
Penalties :
Milan Lucic (NYR) for Hooking (Minor) at 8:34, Dustin Brown (NYR) for Interference (Minor) at 9:18, Kim Johnsson (Det) for Hooking (Minor) at 16:03
2nd period
5. Red Wings , Shawn Horcoff 19 (Pavel Trnka, Glen Murray) at 6:30
Penalties :
Shawn Horcoff (Det) for Holding (Minor) at 9:26, Bryan Berard (NYR) for Diving (Minor) at 14:29, Patrick Sharp (NYR) for Roughing (Minor) at 17:12
3rd period
6. Red Wings , Mike Richards 7 (Shawn Horcoff, Donald Brashear) at 2:09
7. Rangers , Patrick Sharp 19 (Kimmo Timonen, Valtteri Filppula) at 4:30
8. Rangers , Johan Franzen 12 (Milan Lucic, Patrice Bergeron) at 5:39 (PP)
9. Red Wings , Martin Havlat 29 (Jason Spezza, Rick Nash) at 12:55
Penalties :
Rick Nash (Det) for Roughing (Minor) at 5:29, Milan Lucic (NYR) for Holding (Minor) at 7:28
Goalie Stats
Henrik Lundqvist (NYR), 25 saves from 29 shots - (0,862), W, 17-15-3, 60:00 minutes
Robert Esche (Det), 36 saves from 41 shots - (0,878), L, 4-13-1, 59:26 minutes
Players Stats for Rangers
Player Name G A P +/- PIM S H SB GA TA FO MP PP MP PK MP
------------------------------------------------------------------------------------
Alexandre Burrows 0 0 0 -1 0 0 1 0 0 0 1/2 11:00 0:00 2:00
Artem Anisimov 0 0 0 0 0 0 0 1 0 1 0/0 7:17 0:00 0:00
Brent Seabrook 0 0 0 0 0 2 2 1 0 1 0/0 27:36 1:27 4:43
Bryan Berard 0 0 0 0 2 1 0 2 1 1 0/0 15:44 1:27 0:00
Byron Ritchie 0 0 0 -1 0 0 0 0 1 0 2/5 9:49 0:00 1:04
Cam Barker 0 0 0 0 0 4 3 0 0 0 0/0 30:47 1:49 4:43
Drew Stafford 0 0 0 -1 0 2 0 0 0 0 0/0 8:48 0:01 0:00
Dustin Brown 0 0 0 0 2 1 2 0 0 0 0/0 14:34 1:17 0:00
Jaroslav Balastik 0 0 0 0 0 1 2 1 0 0 0/3 9:55 0:00 2:38
Johan Franzen 2 1 3 1 0 8 2 0 2 0 2/3 25:09 1:58 4:15
Kimmo Timonen 0 1 1 0 0 1 1 2 0 1 0/0 18:56 1:49 0:00
Mark Fistric 0 1 1 0 0 0 0 1 0 0 0/0 13:28 0:00 3:30
Matt Greene 0 0 0 0 0 1 1 3 1 2 0/0 13:28 0:00 3:30
Matt Read 0 0 0 0 0 0 1 1 0 0 0/1 7:17 0:00 0:00
Milan Lucic 0 4 4 1 4 4 2 0 0 0 2/3 24:13 1:59 3:03
Patrice Bergeron 2 2 4 1 0 7 2 0 0 1 14/28 23:26 1:59 2:21
Patrick Sharp 1 0 1 0 2 6 2 0 0 0 0/0 15:42 1:17 1:05
Valtteri Filppula 0 1 1 0 0 3 3 1 0 0 11/18 14:33 1:17 0:00
Players Stats for Red Wings
Player Name G A P +/- PIM S H SB GA TA FO MP PP MP PK MP
------------------------------------------------------------------------------------
Brian Sutherby 0 0 0 0 0 1 1 0 1 0 1/4 7:32 0:00 0:52
Christian Laflamme 0 0 0 1 0 1 0 1 0 0 0/0 13:05 0:00 0:53
Donald Brashear 0 1 1 -1 0 0 0 0 0 0 0/0 16:59 3:56 0:44
Glen Murray 0 1 1 -1 0 2 1 0 0 1 1/1 16:15 3:56 0:00
Jason Spezza 0 2 2 1 0 4 2 1 0 0 14/25 25:01 4:12 0:37
Kim Johnsson 0 0 0 -2 2 2 1 2 1 0 0/0 26:49 4:26 1:16
Martin Havlat 2 0 2 1 0 4 6 1 0 0 1/2 26:30 4:12 2:06
Maxim Kondratiev 0 0 0 -2 0 1 1 1 1 0 0/0 24:43 3:47 2:23
Mike Richards 1 0 1 0 0 3 1 0 0 0 3/6 9:25 0:05 0:00
Nathan Horton 0 0 0 0 0 0 1 0 0 0 1/1 10:09 0:05 0:44
Paul Martin 0 0 0 1 0 0 3 1 0 0 0/0 19:37 3:47 0:34
Pavel Trnka 0 1 1 1 0 2 0 0 0 0 0/0 12:38 0:00 0:33
Peter Schaefer 0 0 0 0 0 0 0 0 0 0 0/0 6:52 0:00 0:12
Rick Nash 0 2 2 1 2 2 1 1 3 1 2/3 24:35 4:12 0:14
Sean Bergenheim 0 0 0 0 0 1 1 0 0 0 0/0 9:25 0:05 0:00
Shawn Horcoff 1 1 2 -1 2 6 1 0 0 0 8/21 17:19 3:56 1:03
Shea Weber 0 0 0 1 0 0 2 1 1 2 0/0 23:07 4:26 0:53
Vaclav Varada 0 0 0 0 0 0 0 2 0 1 0/0 6:40 0:00 0:00
3 Stars
1 - Patrice Bergeron (NYR)
2 - Martin Havlat (Det)
3 - Johan Franzen (NYR)
Power Play
Rangers - 2 on 3 Attempt(s) - 66,67%
Red Wings - 1 on 5 Attempt(s) - 20,00%
Penalty Kill
Rangers - 4 on 5 Attempt(s) - 80,00%
- Score 0 goal in Penalty Kill
Red Wings - 1 on 3 Attempt(s) - 33,33%
- Score 0 goal in Penalty Kill
Official
Referees : Marouelli Dan and Lee Chris
Linesman : Mark Shewchyk and Pierre Racicot
Game Notes
Jaroslav Balastik is injured at 17:33 of 3rd period (Lower Body)
Finance
Level 1 -- Attendance: 4988 (83,13%) -- Ticket Income 443 932 $
Level 2 -- Attendance: 3839 (76,78%) -- Ticket Income 203 467 $
Level 3 -- Attendance: 1475 (73,75%) -- Ticket Income 47 200 $
Level 4 -- Attendance: 2962 (74,05%) -- Ticket Income 62 202 $
Luxury Box -- Attendance: 991 (99,10%) -- Ticket Income 168 470 $
Game was played at the Joe Louis Arena
Total Attendance: 14255 (79,19%)
Total Ticket Income: 925 271 $
Other Income: 138 791 $
Total Income: 1 064 062 $
Rangers
5 vs 5 Forward
Center Left Wing Right Wing Time % Phy DF OF
1 Patrice Bergeron Milan Lucic Johan Franzen 40 1 2 2
2 Valtteri Filppula Patrick Sharp Dustin Brown 30 1 2 2
3 Byron Ritchie Alexandre Burrows Drew Stafford 20 1 2 2
4 Artem Anisimov Jaroslav Balastik Matt Read 10 1 2 2
5 vs 5 Defense
Defense Defense Time % Phy DF OF
1 Cam Barker Brent Seabrook 40 1 2 2
2 Kimmo Timonen Bryan Berard 30 1 2 2
3 Matt Greene Mark Fistric 20 1 2 2
4 Cam Barker Kimmo Timonen 10 1 2 2
PowerPlay Forward
Center Left Wing Right Wing Time % Phy DF OF
1 Patrice Bergeron Milan Lucic Johan Franzen 60 1 2 2
2 Valtteri Filppula Patrick Sharp Dustin Brown 40 1 2 2
PowerPlay Defense
Defense Defense Time % Phy DF OF
1 Cam Barker Kimmo Timonen 60 1 2 2
2 Brent Seabrook Bryan Berard 40 1 2 2
Penalty Kill 4 Players Forward
Center Wing Time % Phy DF OF
1 Milan Lucic Johan Franzen 60 1 2 2
2 Patrice Bergeron Patrick Sharp 40 1 2 2
Penalty Kill 4 Players Defense
Defense Defense Time % Phy DF OF
1 Cam Barker Brent Seabrook 60 1 2 2
2 Mark Fistric Matt Greene 40 1 2 2
Penalty Kill - 3 Players Forward
Forward Time % Phy DF OF
1 Milan Lucic 60 1 2 2
2 Johan Franzen 40 1 2 2
Penalty Kill - 3 Players Defense
Defense Defense Time % Phy DF OF
1 Cam Barker Brent Seabrook 60 1 2 2
2 Mark Fistric Matt Greene 40 1 2 2
4 vs 4 Forward
Center Wing Time % Phy DF OF
1 Milan Lucic Johan Franzen 60 1 2 2
2 Patrick Sharp Patrice Bergeron 40 1 2 2
4 vs 4 Defense
Defense Defense Time % Phy DF OF
1 Cam Barker Kimmo Timonen 60 1 2 2
2 Brent Seabrook Bryan Berard 40 1 2 2
Last Minutes Offensive
Center Left Wing Right Wing Defense Defense
Patrice Bergeron Milan Lucic Johan Franzen Cam Barker Kimmo Timonen
Last Minutes Defensive
Center Left Wing Right Wing Defense Defense
Patrice Bergeron Milan Lucic Johan Franzen Cam Barker Kimmo Timonen
Goaltenders
Starting : Henrik Lundqvist
Backup : Hannu Toivonen
Extra Forwards
Normal : Drew Stafford, Alexandre Burrows, Jaroslav Balastik - PP : Drew Stafford, Alexandre Burrows - PK : Jaroslav Balastik
Extra Defensemen
Normal : Matt Greene, Mark Fistric, Brent Seabrook - PP : Matt Greene - PK : Mark Fistric, Brent Seabrook
Penalty Shots
Milan Lucic, Johan Franzen, Patrick Sharp, Patrice Bergeron, Dustin Brown
Red Wings
5 vs 5 Forward
Center Left Wing Right Wing Time % Phy DF OF
1 Jason Spezza Rick Nash Martin Havlat 40 1 2 2
2 Shawn Horcoff Donald Brashear Glen Murray 30 1 2 2
3 Mike Richards Sean Bergenheim Nathan Horton 20 1 2 2
4 Brian Sutherby Peter Schaefer Vaclav Varada 10 1 2 2
5 vs 5 Defense
Defense Defense Time % Phy DF OF
1 Kim Johnsson Maxim Kondratiev 40 1 2 2
2 Paul Martin Shea Weber 30 1 2 2
3 Christian Laflamme Pavel Trnka 20 1 2 2
4 Kim Johnsson Shea Weber 10 1 2 2
PowerPlay Forward
Center Left Wing Right Wing Time % Phy DF OF
1 Jason Spezza Rick Nash Martin Havlat 60 1 2 2
2 Shawn Horcoff Donald Brashear Glen Murray 40 1 2 2
PowerPlay Defense
Defense Defense Time % Phy DF OF
1 Kim Johnsson Shea Weber 60 1 2 2
2 Paul Martin Maxim Kondratiev 40 1 2 2
Penalty Kill 4 Players Forward
Center Wing Time % Phy DF OF
1 Shawn Horcoff Martin Havlat 60 1 2 2
2 Jason Spezza Rick Nash 40 1 2 2
Penalty Kill 4 Players Defense
Defense Defense Time % Phy DF OF
1 Kim Johnsson Maxim Kondratiev 60 1 2 2
2 Christian Laflamme Shea Weber 40 1 2 2
Penalty Kill - 3 Players Forward
Forward Time % Phy DF OF
1 Shawn Horcoff 60 1 2 2
2 Jason Spezza 40 1 2 2
Penalty Kill - 3 Players Defense
Defense Defense Time % Phy DF OF
1 Kim Johnsson Maxim Kondratiev 60 1 2 2
2 Christian Laflamme Shea Weber 40 1 2 2
4 vs 4 Forward
Center Wing Time % Phy DF OF
1 Jason Spezza Martin Havlat 60 1 2 2
2 Shawn Horcoff Donald Brashear 40 1 2 2
4 vs 4 Defense
Defense Defense Time % Phy DF OF
1 Kim Johnsson Maxim Kondratiev 60 1 2 2
2 Paul Martin Shea Weber 40 1 2 2
Last Minutes Offensive
Center Left Wing Right Wing Defense Defense
Jason Spezza Rick Nash Martin Havlat Kim Johnsson Shea Weber
Last Minutes Defensive
Center Left Wing Right Wing Defense Defense
Jason Spezza Rick Nash Martin Havlat Kim Johnsson Shea Weber
Goaltenders
Starting : Robert Esche
Backup : Thomas Greiss
Extra Forwards
Normal : Sean Bergenheim, Mike Richards, Nathan Horton - PP : Sean Bergenheim, Mike Richards - PK : Nathan Horton
Extra Defensemen
Normal : Christian Laflamme, Shea Weber, Pavel Trnka - PP : Christian Laflamme - PK : Paul Martin, Pavel Trnka
Penalty Shots
Shawn Horcoff, Martin Havlat, Rick Nash, Nathan Horton, Glen Murray
% Time on Ice - Rangers
Lines # - Real PCT - Wanted PCT - Time Play
Normal Forward
1 - 38% - 40% - 17:59
2 - 28% - 30% - 13:16
3 - 19% - 20% - 8:45
4 - 15% - 10% - 7:17
Normal Defense
1 - 43% - 40% - 20:25
2 - 30% - 30% - 14:08
3 - 21% - 20% - 9:54
4 - 6% - 10% - 2:50
PP Forward
1 - 61% - 60% - 1:59
2 - 39% - 40% - 1:17
PP Defense
1 - 56% - 60% - 1:49
2 - 44% - 40% - 1:27
PK Forward
1 - 77% - 60% - 6:18
2 - 23% - 40% - 1:55
PK Defense
1 - 57% - 60% - 4:43
2 - 43% - 40% - 3:30
PK3 Forward
1 - 0% - 60%
2 - 0% - 40%
PK3 Defense
1 - 0% - 60%
2 - 0% - 40%
44 Forward
1 - 0% - 60%
2 - 0% - 40%
44 Defense
1 - 0% - 60%
2 - 0% - 40%
Last Minute Offensive - 0:00
Last Minute Defensive - 1:14
Total
Forward - 60:00
Defense - 60:00
|
% Time on Ice - Red Wings
Lines # - Real PCT - Wanted PCT - Time Play
Normal Forward
1 - 42% - 40% - 19:46
2 - 26% - 30% - 12:19
3 - 18% - 20% - 8:38
4 - 14% - 10% - 6:40
Normal Defense
1 - 41% - 40% - 19:32
2 - 29% - 30% - 13:57
3 - 25% - 20% - 11:38
4 - 5% - 10% - 2:16
PP Forward
1 - 52% - 60% - 4:17
2 - 48% - 40% - 3:56
PP Defense
1 - 54% - 60% - 4:26
2 - 46% - 40% - 3:47
PK Forward
1 - 93% - 60% - 3:02
2 - 7% - 40% - 0:14
PK Defense
1 - 73% - 60% - 2:23
2 - 27% - 40% - 0:53
PK3 Forward
1 - 0% - 60%
2 - 0% - 40%
PK3 Defense
1 - 0% - 60%
2 - 0% - 40%
44 Forward
1 - 0% - 60%
2 - 0% - 40%
44 Defense
1 - 0% - 60%
2 - 0% - 40%
Last Minute Offensive - 1:08
Last Minute Defensive - 0:00
Total
Forward - 60:00
Defense - 60:00
|
Play by Play
1st period
0:01 of 1st period - Patrice Bergeron wins face-off versus Jason Spezza in neutral zone.
1:03 of 1st period - Slapshot by Mike Richards.
1:03 of 1st period - Stopped by Henrik Lundqvist with a rebound.
1:31 of 1st period - Slapshot by Patrice Bergeron.
1:31 of 1st period - Goal by Patrice Bergeron - Rangers : 1 - Red Wings : 0.
1:32 of 1st period - Valtteri Filppula wins face-off versus Shawn Horcoff in neutral zone.
1:35 of 1st period - Glen Murray is hit by Dustin Brown and loses puck.
2:55 of 1st period - Shea Weber is hit by Jaroslav Balastik and loses puck.
3:54 of 1st period - Mark Fistric is hit by Glen Murray and loses puck.
4:24 of 1st period - Icing by Martin Havlat.
4:25 of 1st period - Valtteri Filppula wins face-off versus Brian Sutherby in Red Wings zone.
4:50 of 1st period - Slapshot by Jason Spezza.
4:50 of 1st period - Shot Misses the Net.
4:56 of 1st period - Slapshot by Brent Seabrook.
4:56 of 1st period - Shot Blocked by Rick Nash.
5:21 of 1st period - Icing by Kimmo Timonen.
5:22 of 1st period - Jason Spezza wins face-off versus Patrice Bergeron in Rangers zone.
5:23 of 1st period - Snap shot by Rick Nash.
5:23 of 1st period - Stopped by Henrik Lundqvist with a rebound.
5:25 of 1st period - Slapshot by Christian Laflamme.
5:25 of 1st period - Stopped by Henrik Lundqvist without a rebound.
5:26 of 1st period - Jason Spezza wins face-off versus Valtteri Filppula in Rangers zone.
6:00 of 1st period - Snap shot by Patrice Bergeron.
6:00 of 1st period - Stopped by Robert Esche with a rebound.
6:04 of 1st period - Snap shot by Johan Franzen.
6:04 of 1st period - Goal by Johan Franzen - Rangers : 2 - Red Wings : 0.
6:05 of 1st period - Jason Spezza wins face-off versus Valtteri Filppula in neutral zone.
6:07 of 1st period - Off-side.
6:08 of 1st period - Valtteri Filppula wins face-off versus Martin Havlat in neutral zone.
6:42 of 1st period - Snap shot by Shawn Horcoff.
6:42 of 1st period - Stopped by Henrik Lundqvist with a rebound.
6:44 of 1st period - Snap shot by Donald Brashear.
6:44 of 1st period - Shot Misses the Net.
6:54 of 1st period - Snap shot by Peter Schaefer.
6:54 of 1st period - Shot Blocked by Bryan Berard.
7:04 of 1st period - Wrist shot by Milan Lucic.
7:04 of 1st period - Shot Misses the Net.
7:06 of 1st period - Snap shot by Patrice Bergeron.
7:06 of 1st period - Deflect By Johan Franzen.
7:06 of 1st period - Stopped by Robert Esche without a rebound.
7:07 of 1st period - Valtteri Filppula wins face-off versus Jason Spezza in Red Wings zone.
7:32 of 1st period - Rick Nash is hit by Jaroslav Balastik and loses puck.
7:49 of 1st period - Slapshot by Rick Nash.
7:49 of 1st period - Shot Misses the Net.
8:15 of 1st period - Snap shot by Martin Havlat.
8:15 of 1st period - Deflect By Jason Spezza.
8:15 of 1st period - Stopped by Henrik Lundqvist without a rebound.
8:16 of 1st period - Patrice Bergeron wins face-off versus Shawn Horcoff in Rangers zone.
8:34 of 1st period - Minor Penalty to Milan Lucic for Hooking.
8:35 of 1st period - Shawn Horcoff wins face-off versus Jaroslav Balastik in Rangers zone.
8:43 of 1st period - Snap shot by Donald Brashear.
8:43 of 1st period - Shot Misses the Net.
8:45 of 1st period - Snap shot by Shawn Horcoff.
8:45 of 1st period - Stopped by Henrik Lundqvist without a rebound.
8:46 of 1st period - Jason Spezza wins face-off versus Jaroslav Balastik in Rangers zone.
8:51 of 1st period - Snap shot by Martin Havlat.
8:51 of 1st period - Goal by Martin Havlat - Rangers : 2 - Red Wings : 1.
8:52 of 1st period - Shawn Horcoff wins face-off versus Patrice Bergeron in neutral zone.
9:18 of 1st period - Minor Penalty to Dustin Brown for Interference.
9:19 of 1st period - Johan Franzen wins face-off versus Jason Spezza in Rangers zone.
9:27 of 1st period - Johan Franzen is hit by Martin Havlat.
9:33 of 1st period - Slapshot by Johan Franzen.
9:33 of 1st period - Shot Misses the Net.
10:34 of 1st period - Glen Murray is hit by Brent Seabrook and loses puck.
11:18 of 1st period - Penalty to Dustin Brown is over, Dustin Brown is back on ice.
11:25 of 1st period - Snap shot by Brent Seabrook.
11:25 of 1st period - Shot Misses the Net.
11:51 of 1st period - Backhand shot by Kimmo Timonen.
11:51 of 1st period - Shot Blocked by Kim Johnsson.
11:53 of 1st period - Slapshot by Bryan Berard.
11:53 of 1st period - Shot Blocked by Kim Johnsson.
11:55 of 1st period - Wrist shot by Bryan Berard.
11:55 of 1st period - Stopped by Robert Esche without a rebound.
11:56 of 1st period - Valtteri Filppula wins face-off versus Brian Sutherby in Red Wings zone.
12:36 of 1st period - Slapshot by Drew Stafford.
12:36 of 1st period - Stopped by Robert Esche with a rebound.
14:37 of 1st period - Wrist shot by Jason Spezza.
14:37 of 1st period - Stopped by Henrik Lundqvist without a rebound.
14:38 of 1st period - Patrice Bergeron wins face-off versus Shawn Horcoff in Rangers zone.
14:43 of 1st period - Shawn Horcoff is hit by Milan Lucic and loses puck.
15:31 of 1st period - Slapshot by Patrick Sharp.
15:31 of 1st period - Stopped by Robert Esche with a rebound.
16:00 of 1st period - Wrist shot by Patrick Sharp.
16:00 of 1st period - Stopped by Robert Esche without a rebound.
16:01 of 1st period - Shawn Horcoff wins face-off versus Patrice Bergeron in Red Wings zone.
16:03 of 1st period - Minor Penalty to Kim Johnsson for Hooking.
16:04 of 1st period - Patrice Bergeron wins face-off versus Shawn Horcoff in Red Wings zone.
16:13 of 1st period - Icing by Cam Barker.
16:14 of 1st period - Shawn Horcoff wins face-off versus Patrice Bergeron in Rangers zone.
16:25 of 1st period - Shawn Horcoff is hit by Johan Franzen and loses puck.
16:36 of 1st period - Snap shot by Johan Franzen.
16:36 of 1st period - Stopped by Robert Esche without a rebound.
16:37 of 1st period - Valtteri Filppula wins face-off versus Shawn Horcoff in Red Wings zone.
16:40 of 1st period - Snap shot by Dustin Brown.
16:40 of 1st period - Shot Misses the Net.
16:44 of 1st period - Wrist shot by Dustin Brown.
16:44 of 1st period - Shot Misses the Net.
16:48 of 1st period - Slapshot by Patrick Sharp.
16:48 of 1st period - Shot Misses the Net.
16:50 of 1st period - Backhand shot by Brent Seabrook.
16:50 of 1st period - Shot Misses the Net.
16:52 of 1st period - Snap shot by Valtteri Filppula.
16:52 of 1st period - Shot Blocked by Paul Martin.
17:10 of 1st period - Wrist shot by Patrice Bergeron.
17:10 of 1st period - Goal by Patrice Bergeron - Rangers : 3 - Red Wings : 1.
17:11 of 1st period - Patrice Bergeron wins face-off versus Shawn Horcoff in neutral zone.
17:36 of 1st period - Martin Havlat is hit by Patrick Sharp and loses puck.
17:41 of 1st period - Snap shot by Patrick Sharp.
17:41 of 1st period - Shot Misses the Net.
17:43 of 1st period - Backhand shot by Brent Seabrook.
17:43 of 1st period - Deflect By Patrick Sharp.
17:43 of 1st period - Stopped by Robert Esche with a rebound.
17:45 of 1st period - Slapshot by Patrick Sharp.
17:45 of 1st period - Stopped by Robert Esche without a rebound.
17:46 of 1st period - Shawn Horcoff wins face-off versus Byron Ritchie in Red Wings zone.
17:57 of 1st period - Slapshot by Cam Barker.
17:57 of 1st period - Stopped by Robert Esche with a rebound.
17:59 of 1st period - Slapshot by Brent Seabrook.
17:59 of 1st period - Shot Misses the Net.
18:13 of 1st period - Johan Franzen is hit by Martin Havlat and loses puck.
18:31 of 1st period - Off-side.
18:32 of 1st period - Mike Richards wins face-off versus Valtteri Filppula in neutral zone.
18:35 of 1st period - Kimmo Timonen is hit by Sean Bergenheim and loses puck.
18:46 of 1st period - Backhand shot by Dustin Brown.
18:46 of 1st period - Shot Misses the Net.
19:06 of 1st period - Snap shot by Patrick Sharp.
19:06 of 1st period - Stopped by Robert Esche with a rebound.
19:08 of 1st period - Wrist shot by Patrick Sharp.
19:08 of 1st period - Deflect By Dustin Brown.
19:08 of 1st period - Stopped by Robert Esche without a rebound.
19:09 of 1st period - Patrice Bergeron wins face-off versus Jason Spezza in Red Wings zone.
19:35 of 1st period - Paul Martin is hit by Cam Barker and loses puck.
Goals for this period are 3 for Rangers vs 1 for Red Wings.
Shots for this period are 15 for Rangers vs 8 for Red Wings.
2nd period
0:01 of 2nd period - Jason Spezza wins face-off versus Patrice Bergeron in neutral zone.
0:25 of 2nd period - Shawn Horcoff is hit by Valtteri Filppula and loses puck.
0:32 of 2nd period - Slapshot by Kim Johnsson.
0:32 of 2nd period - Stopped by Henrik Lundqvist without a rebound.
0:33 of 2nd period - Jason Spezza wins face-off versus Byron Ritchie in Rangers zone.
0:58 of 2nd period - Shawn Horcoff is hit by Matt Greene.
1:35 of 2nd period - Brian Sutherby is hit by Cam Barker and loses puck.
1:52 of 2nd period - Wrist shot by Jason Spezza.
1:52 of 2nd period - Deflect By Martin Havlat.
1:52 of 2nd period - Stopped by Henrik Lundqvist without a rebound.
1:53 of 2nd period - Rick Nash wins face-off versus Patrice Bergeron in Rangers zone.
2:18 of 2nd period - Donald Brashear is hit by Dustin Brown and loses puck.
3:01 of 2nd period - Slapshot by Kimmo Timonen.
3:01 of 2nd period - Deflect By Jaroslav Balastik.
3:01 of 2nd period - Stopped by Robert Esche without a rebound.
3:02 of 2nd period - Brian Sutherby wins face-off versus Matt Read in Red Wings zone.
3:13 of 2nd period - Wrist shot by Brian Sutherby.
3:13 of 2nd period - Shot Blocked by Matt Read.
3:15 of 2nd period - Slapshot by Vaclav Varada.
3:15 of 2nd period - Shot Misses the Net.
3:17 of 2nd period - Slapshot by Kim Johnsson.
3:17 of 2nd period - Shot Blocked by Artem Anisimov.
3:25 of 2nd period - Brian Sutherby is hit by Cam Barker and loses puck.
3:30 of 2nd period - Wrist shot by Jaroslav Balastik.
3:30 of 2nd period - Shot Blocked by Vaclav Varada.
3:32 of 2nd period - Slapshot by Mark Fistric.
3:32 of 2nd period - Shot Blocked by Vaclav Varada.
3:34 of 2nd period - Wrist shot by Matt Greene.
3:34 of 2nd period - Stopped by Robert Esche with a rebound.
3:36 of 2nd period - Snap shot by Jaroslav Balastik.
3:36 of 2nd period - Shot Misses the Net.
3:38 of 2nd period - Slapshot by Matt Greene.
3:38 of 2nd period - Shot Misses the Net.
3:52 of 2nd period - Slapshot by Brent Seabrook.
3:52 of 2nd period - Stopped by Robert Esche without a rebound.
3:53 of 2nd period - Patrice Bergeron wins face-off versus Jason Spezza in Red Wings zone.
4:00 of 2nd period - Johan Franzen is hit by Martin Havlat and loses puck.
4:16 of 2nd period - Martin Havlat is hit by Johan Franzen and loses puck.
4:27 of 2nd period - Wrist shot by Rick Nash.
4:27 of 2nd period - Shot Misses the Net.
4:39 of 2nd period - Snap shot by Milan Lucic.
4:39 of 2nd period - Stopped by Robert Esche with a rebound.
4:41 of 2nd period - Wrist shot by Milan Lucic.
4:41 of 2nd period - Shot Misses the Net.
4:43 of 2nd period - Slapshot by Cam Barker.
4:43 of 2nd period - Shot Blocked by Shea Weber.
4:53 of 2nd period - Snap shot by Patrice Bergeron.
4:53 of 2nd period - Shot Misses the Net.
4:55 of 2nd period - Slapshot by Cam Barker.
4:55 of 2nd period - Stopped by Robert Esche with a rebound.
4:57 of 2nd period - Wrist shot by Johan Franzen.
4:57 of 2nd period - Stopped by Robert Esche with a rebound.
5:01 of 2nd period - Slapshot by Milan Lucic.
5:01 of 2nd period - Shot Misses the Net.
5:07 of 2nd period - Snap shot by Milan Lucic.
5:07 of 2nd period - Shot Blocked by Jason Spezza.
5:09 of 2nd period - Snap shot by Milan Lucic.
5:09 of 2nd period - Shot Hit the Post.
5:11 of 2nd period - Slapshot by Patrice Bergeron.
5:11 of 2nd period - Shot Misses the Net.
5:13 of 2nd period - Snap shot by Johan Franzen.
5:13 of 2nd period - Stopped by Robert Esche with a rebound.
5:15 of 2nd period - Slapshot by Cam Barker.
5:15 of 2nd period - Stopped by Robert Esche with a rebound.
5:17 of 2nd period - Wrist shot by Patrice Bergeron.
5:17 of 2nd period - Stopped by Robert Esche without a rebound.
5:18 of 2nd period - Valtteri Filppula wins face-off versus Shawn Horcoff in Red Wings zone.
5:50 of 2nd period - Snap shot by Mike Richards.
5:50 of 2nd period - Shot Misses the Net.
5:52 of 2nd period - Backhand shot by Christian Laflamme.
5:52 of 2nd period - Shot Blocked by Mark Fistric.
5:54 of 2nd period - Slapshot by Pavel Trnka.
5:54 of 2nd period - Shot Blocked by Matt Greene.
6:26 of 2nd period - Snap shot by Glen Murray.
6:26 of 2nd period - Shot Blocked by Kimmo Timonen.
6:28 of 2nd period - Slapshot by Pavel Trnka.
6:28 of 2nd period - Stopped by Henrik Lundqvist with a rebound.
6:30 of 2nd period - Snap shot by Shawn Horcoff.
6:30 of 2nd period - Goal by Shawn Horcoff - Rangers : 3 - Red Wings : 2.
6:31 of 2nd period - Shawn Horcoff wins face-off versus Valtteri Filppula in neutral zone.
6:38 of 2nd period - Snap shot by Dustin Brown.
6:38 of 2nd period - Shot Blocked by Maxim Kondratiev.
6:56 of 2nd period - Byron Ritchie is hit by Kim Johnsson and loses puck.
7:41 of 2nd period - Shea Weber is hit by Matt Read and loses puck.
8:02 of 2nd period - Wrist shot by Paul Martin.
8:02 of 2nd period - Deflect By Shawn Horcoff.
8:02 of 2nd period - Shot Misses the Net.
8:02 of 2nd period - Puck is out of play.
8:03 of 2nd period - Shawn Horcoff wins face-off versus Valtteri Filppula in Rangers zone.
8:06 of 2nd period - Slapshot by Glen Murray.
8:06 of 2nd period - Stopped by Henrik Lundqvist with a rebound.
8:12 of 2nd period - Slapshot by Shawn Horcoff.
8:12 of 2nd period - Shot Blocked by Matt Greene.
8:14 of 2nd period - Slapshot by Maxim Kondratiev.
8:14 of 2nd period - Shot Blocked by Matt Greene.
8:16 of 2nd period - Wrist shot by Maxim Kondratiev.
8:16 of 2nd period - Shot Blocked by Valtteri Filppula.
8:18 of 2nd period - Wrist shot by Shawn Horcoff.
8:18 of 2nd period - Stopped by Henrik Lundqvist with a rebound.
8:28 of 2nd period - Patrice Bergeron is hit by Nathan Horton and loses puck.
8:53 of 2nd period - Jason Spezza is hit by Alexandre Burrows and loses puck.
9:26 of 2nd period - Minor Penalty to Shawn Horcoff for Holding.
9:27 of 2nd period - Martin Havlat wins face-off versus Patrice Bergeron in Red Wings zone.
10:56 of 2nd period - Christian Laflamme is hit by Valtteri Filppula and loses puck.
11:26 of 2nd period - Penalty to Shawn Horcoff is over, Shawn Horcoff is back on ice.
11:35 of 2nd period - Snap shot by Sean Bergenheim.
11:35 of 2nd period - Stopped by Henrik Lundqvist with a rebound.
11:49 of 2nd period - Alexandre Burrows is hit by Shawn Horcoff and loses puck.
12:01 of 2nd period - Mark Fistric is hit by Paul Martin and loses puck.
12:14 of 2nd period - Matt Greene is hit by Paul Martin and loses puck.
12:52 of 2nd period - Brent Seabrook is hit by Jason Spezza and loses puck.
13:04 of 2nd period - Icing by Jason Spezza.
13:05 of 2nd period - Patrice Bergeron wins face-off versus Brian Sutherby in Red Wings zone.
14:10 of 2nd period - Snap shot by Rick Nash.
14:10 of 2nd period - Deflect By Glen Murray.
14:10 of 2nd period - Shot Misses the Net.
14:10 of 2nd period - Puck is out of play.
14:11 of 2nd period - Shawn Horcoff wins face-off versus Valtteri Filppula in Rangers zone.
14:18 of 2nd period - Wrist shot by Glen Murray.
14:18 of 2nd period - Shot Misses the Net.
14:29 of 2nd period - Minor Penalty to Bryan Berard for Diving.
14:30 of 2nd period - Milan Lucic wins face-off versus Jason Spezza in Rangers zone.
16:29 of 2nd period - Penalty to Bryan Berard is over, Bryan Berard is back on ice.
16:36 of 2nd period - Snap shot by Valtteri Filppula.
16:36 of 2nd period - Stopped by Robert Esche without a rebound.
16:37 of 2nd period - Valtteri Filppula wins face-off versus Mike Richards in Red Wings zone.
16:51 of 2nd period - Icing by Christian Laflamme.
16:52 of 2nd period - Johan Franzen wins face-off versus Mike Richards in Red Wings zone.
17:09 of 2nd period - Wrist shot by Mike Richards.
17:09 of 2nd period - Stopped by Henrik Lundqvist without a rebound.
17:10 of 2nd period - Valtteri Filppula wins face-off versus Jason Spezza in Rangers zone.
17:12 of 2nd period - Minor Penalty to Patrick Sharp for Roughing.
17:13 of 2nd period - Milan Lucic wins face-off versus Jason Spezza in Rangers zone.
18:21 of 2nd period - Patrice Bergeron is hit by Martin Havlat.
19:12 of 2nd period - Penalty to Patrick Sharp is over, Patrick Sharp is back on ice.
19:28 of 2nd period - Kimmo Timonen is hit by Shea Weber and loses puck.
19:41 of 2nd period - Christian Laflamme is hit by Kimmo Timonen and loses puck.
Goals for this period are 0 for Rangers vs 1 for Red Wings.
Shots for this period are 10 for Rangers vs 8 for Red Wings.
3rd period
0:01 of 3rd period - Jason Spezza wins face-off versus Patrice Bergeron in neutral zone.
0:32 of 3rd period - Slapshot by Glen Murray.
0:32 of 3rd period - Shot Misses the Net.
1:09 of 3rd period - Cam Barker is hit by Jason Spezza.
1:49 of 3rd period - Slapshot by Kimmo Timonen.
1:49 of 3rd period - Shot Misses the Net.
2:09 of 3rd period - Snap shot by Mike Richards.
2:09 of 3rd period - Goal by Mike Richards - Rangers : 3 - Red Wings : 3.
2:10 of 3rd period - Jason Spezza wins face-off versus Patrice Bergeron in neutral zone.
2:17 of 3rd period - Wrist shot by Jason Spezza.
2:17 of 3rd period - Stopped by Henrik Lundqvist without a rebound.
2:18 of 3rd period - Patrice Bergeron wins face-off versus Jason Spezza in Rangers zone.
2:18 of 3rd period - Patrice Bergeron is hit by Rick Nash.
2:58 of 3rd period - Slapshot by Martin Havlat.
2:58 of 3rd period - Stopped by Henrik Lundqvist without a rebound.
2:59 of 3rd period - Valtteri Filppula wins face-off versus Shawn Horcoff in Rangers zone.
3:08 of 3rd period - Slapshot by Cam Barker.
3:08 of 3rd period - Deflect By Valtteri Filppula.
3:08 of 3rd period - Stopped by Robert Esche with a rebound.
3:10 of 3rd period - Wrist shot by Valtteri Filppula.
3:10 of 3rd period - Stopped by Robert Esche with a rebound.
3:12 of 3rd period - Wrist shot by Dustin Brown.
3:12 of 3rd period - Deflect By Patrick Sharp.
3:12 of 3rd period - Shot Misses the Net.
3:12 of 3rd period - Puck is out of play.
3:13 of 3rd period - Byron Ritchie wins face-off versus Shawn Horcoff in Red Wings zone.
3:14 of 3rd period - Snap shot by Alexandre Burrows.
3:14 of 3rd period - Shot Misses the Net.
3:22 of 3rd period - Snap shot by Donald Brashear.
3:22 of 3rd period - Shot Misses the Net.
3:24 of 3rd period - Slapshot by Maxim Kondratiev.
3:24 of 3rd period - Stopped by Henrik Lundqvist without a rebound.
3:25 of 3rd period - Jason Spezza wins face-off versus Patrice Bergeron in Rangers zone.
3:40 of 3rd period - Snap shot by Patrice Bergeron.
3:40 of 3rd period - Shot Misses the Net.
4:30 of 3rd period - Snap shot by Patrick Sharp.
4:30 of 3rd period - Goal by Patrick Sharp - Rangers : 4 - Red Wings : 3.
4:31 of 3rd period - Patrice Bergeron wins face-off versus Rick Nash in neutral zone.
4:46 of 3rd period - Slapshot by Johan Franzen.
4:46 of 3rd period - Shot Misses the Net.
5:29 of 3rd period - Minor Penalty to Rick Nash for Roughing.
5:30 of 3rd period - Patrice Bergeron wins face-off versus Shawn Horcoff in Red Wings zone.
5:35 of 3rd period - Wrist shot by Johan Franzen.
5:35 of 3rd period - Shot Misses the Net.
5:37 of 3rd period - Wrist shot by Johan Franzen.
5:37 of 3rd period - Shot Misses the Net.
5:39 of 3rd period - Snap shot by Johan Franzen.
5:39 of 3rd period - Goal by Johan Franzen - Rangers : 5 - Red Wings : 3.
5:40 of 3rd period - Patrice Bergeron wins face-off versus Shawn Horcoff in neutral zone.
5:51 of 3rd period - Snap shot by Milan Lucic.
5:51 of 3rd period - Stopped by Robert Esche without a rebound.
5:52 of 3rd period - Rick Nash wins face-off versus Patrice Bergeron in Red Wings zone.
6:29 of 3rd period - Snap shot by Glen Murray.
6:29 of 3rd period - Shot Blocked by Bryan Berard.
7:09 of 3rd period - Slapshot by Jason Spezza.
7:09 of 3rd period - Shot Misses the Net.
7:21 of 3rd period - Snap shot by Shawn Horcoff.
7:21 of 3rd period - Stopped by Henrik Lundqvist without a rebound.
7:22 of 3rd period - Glen Murray wins face-off versus Milan Lucic in Rangers zone.
7:25 of 3rd period - Snap shot by Shawn Horcoff.
7:25 of 3rd period - Stopped by Henrik Lundqvist without a rebound.
7:26 of 3rd period - Jason Spezza wins face-off versus Patrice Bergeron in Rangers zone.
7:28 of 3rd period - Minor Penalty to Milan Lucic for Holding.
7:29 of 3rd period - Jason Spezza wins face-off versus Jaroslav Balastik in Rangers zone.
7:33 of 3rd period - Snap shot by Martin Havlat.
7:33 of 3rd period - Shot Blocked by Jaroslav Balastik.
7:35 of 3rd period - Wrist shot by Rick Nash.
7:35 of 3rd period - Shot Misses the Net.
9:28 of 3rd period - Penalty to Milan Lucic is over, Milan Lucic is back on ice.
9:30 of 3rd period - Patrice Bergeron is hit by Mike Richards and loses puck.
9:37 of 3rd period - Backhand shot by Milan Lucic.
9:37 of 3rd period - Stopped by Robert Esche without a rebound.
9:38 of 3rd period - Mike Richards wins face-off versus Valtteri Filppula in Red Wings zone.
9:46 of 3rd period - Snap shot by Sean Bergenheim.
9:46 of 3rd period - Shot Blocked by Kimmo Timonen.
9:48 of 3rd period - Slapshot by Pavel Trnka.
9:48 of 3rd period - Stopped by Henrik Lundqvist with a rebound.
9:50 of 3rd period - Slapshot by Mike Richards.
9:50 of 3rd period - Shot Misses the Net.
9:52 of 3rd period - Slapshot by Pavel Trnka.
9:52 of 3rd period - Deflect By Nathan Horton.
9:52 of 3rd period - Shot Misses the Net.
9:52 of 3rd period - Puck is out of play.
9:53 of 3rd period - Jason Spezza wins face-off versus Johan Franzen in Rangers zone.
10:01 of 3rd period - Icing by Johan Franzen.
10:02 of 3rd period - Patrice Bergeron wins face-off versus Jason Spezza in Rangers zone.
10:02 of 3rd period - Patrice Bergeron is hit by Martin Havlat.
10:22 of 3rd period - Slapshot by Cam Barker.
10:22 of 3rd period - Shot Misses the Net.
10:40 of 3rd period - Wrist shot by Jason Spezza.
10:40 of 3rd period - Shot Blocked by Brent Seabrook.
10:42 of 3rd period - Snap shot by Jason Spezza.
10:42 of 3rd period - Shot Misses the Net.
10:44 of 3rd period - Slapshot by Kim Johnsson.
10:44 of 3rd period - Stopped by Henrik Lundqvist without a rebound.
10:45 of 3rd period - Valtteri Filppula wins face-off versus Shawn Horcoff in Rangers zone.
10:58 of 3rd period - Snap shot by Glen Murray.
10:58 of 3rd period - Stopped by Henrik Lundqvist without a rebound.
10:59 of 3rd period - Alexandre Burrows wins face-off versus Shawn Horcoff in Rangers zone.
11:26 of 3rd period - Mark Fistric is hit by Maxim Kondratiev and loses puck.
11:33 of 3rd period - Kim Johnsson is hit by Patrick Sharp and loses puck.
11:50 of 3rd period - Rick Nash is hit by Brent Seabrook and loses puck.
12:05 of 3rd period - Snap shot by Brian Sutherby.
12:05 of 3rd period - Stopped by Henrik Lundqvist with a rebound.
12:53 of 3rd period - Slapshot by Jason Spezza.
12:53 of 3rd period - Stopped by Henrik Lundqvist with a rebound.
12:55 of 3rd period - Snap shot by Martin Havlat.
12:55 of 3rd period - Goal by Martin Havlat - Rangers : 5 - Red Wings : 4.
12:56 of 3rd period - Patrice Bergeron wins face-off versus Jason Spezza in neutral zone.
12:58 of 3rd period - Milan Lucic is hit by Martin Havlat and loses puck.
13:03 of 3rd period - Milan Lucic is hit by Paul Martin and loses puck.
13:22 of 3rd period - Paul Martin is hit by Valtteri Filppula and loses puck.
13:41 of 3rd period - Wrist shot by Drew Stafford.
13:41 of 3rd period - Stopped by Robert Esche without a rebound.
13:42 of 3rd period - Mike Richards wins face-off versus Byron Ritchie in Red Wings zone.
13:47 of 3rd period - Snap shot by Alexandre Burrows.
13:47 of 3rd period - Deflect By Drew Stafford.
13:47 of 3rd period - Shot Misses the Net.
13:47 of 3rd period - Puck is out of play.
13:48 of 3rd period - Jason Spezza wins face-off versus Patrice Bergeron in Red Wings zone.
13:48 of 3rd period - Jason Spezza is hit by Patrice Bergeron.
14:38 of 3rd period - Maxim Kondratiev is hit by Milan Lucic and loses puck.
14:57 of 3rd period - Slapshot by Cam Barker.
14:57 of 3rd period - Shot Misses the Net.
15:21 of 3rd period - Snap shot by Patrice Bergeron.
15:21 of 3rd period - Stopped by Robert Esche with a rebound.
15:33 of 3rd period - Maxim Kondratiev is hit by Patrice Bergeron.
16:13 of 3rd period - Snap shot by Johan Franzen.
16:13 of 3rd period - Shot Misses the Net.
16:15 of 3rd period - Slapshot by Brent Seabrook.
16:15 of 3rd period - Stopped by Robert Esche with a rebound.
16:17 of 3rd period - Wrist shot by Patrice Bergeron.
16:17 of 3rd period - Deflect By Kim Johnsson.
16:17 of 3rd period - Stopped by Robert Esche with a rebound.
16:19 of 3rd period - Wrist shot by Johan Franzen.
16:19 of 3rd period - Stopped by Robert Esche with a rebound.
16:21 of 3rd period - Wrist shot by Johan Franzen.
16:21 of 3rd period - Stopped by Robert Esche with a rebound.
16:45 of 3rd period - Snap shot by Rick Nash.
16:45 of 3rd period - Stopped by Henrik Lundqvist without a rebound.
16:46 of 3rd period - Nathan Horton wins face-off versus Alexandre Burrows in Rangers zone.
16:57 of 3rd period - Slapshot by Kimmo Timonen.
16:57 of 3rd period - Stopped by Robert Esche with a rebound.
16:59 of 3rd period - Snap shot by Alexandre Burrows.
16:59 of 3rd period - Shot Misses the Net.
17:01 of 3rd period - Slapshot by Drew Stafford.
17:01 of 3rd period - Shot Misses the Net.
17:32 of 3rd period - Jaroslav Balastik is hit by Brian Sutherby and loses puck.
17:33 of 3rd period - Jaroslav Balastik from Rangers is injured at 17:33 of 3rd period (Lower Body).
17:34 of 3rd period - Byron Ritchie wins face-off versus Mike Richards in Rangers zone.
17:34 of 3rd period - Byron Ritchie is hit by Shea Weber.
19:06 of 3rd period - Snap shot by Milan Lucic.
19:06 of 3rd period - Shot Misses the Net.
19:08 of 3rd period - Slapshot by Cam Barker.
19:08 of 3rd period - Shot Blocked by Martin Havlat.
19:10 of 3rd period - Snap shot by Johan Franzen.
19:10 of 3rd period - Shot Misses the Net.
19:12 of 3rd period - Slapshot by Cam Barker.
19:12 of 3rd period - Stopped by Robert Esche with a rebound.
19:14 of 3rd period - Slapshot by Patrice Bergeron.
19:14 of 3rd period - Deflect By Martin Havlat.
19:14 of 3rd period - Stopped by Robert Esche with a rebound.
19:16 of 3rd period - Snap shot by Milan Lucic.
19:16 of 3rd period - Shot Blocked by Christian Laflamme.
19:18 of 3rd period - Wrist shot by Milan Lucic.
19:18 of 3rd period - Stopped by Robert Esche without a rebound.
19:19 of 3rd period - Terry Murray call a timeout for Red Wings.
19:19 of 3rd period - Jason Spezza wins face-off versus Patrice Bergeron in Red Wings zone.
19:26 of 3rd period - Red Wings, Robert Esche is pulled from the net.
Goals for this period are 2 for Rangers vs 2 for Red Wings.
Shots for this period are 16 for Rangers vs 13 for Red Wings.
Output by the SimonT Hockey Simulator (STHS) for François Prévost -- Original Page W3C XHTML 1.0 Valid